MLB
NEW ORLEANS VOODOO @ MONTREAL EXPOS
10/12/2039
 
TOP OF THE 1ST
New Orleans Voodoo batting - Pitching for Montreal Expos : RHP Danny Goto
Pitching: RHP Danny Goto
Batting: LHB Erik White 0-0: Called Strike
0-1: Ball
1-1: Ball
2-1: Foul Ball, location: 2F
2-2: Ball
3-2: Foul Ball, location: 2F
3-2: SOLO HOME RUN (Flyball, 78XD, EV 102.5 MPH), Distance : 409 ft
Batting: SHB Jerry Reynoso 0-0: Ground out 6-3 (Groundball, 6, EV 81.3 MPH)
Batting: LHB Marcus Delzoppo 0-0: Ball
1-0: Ground out 4-3 (Groundball, 4MD, EV 105.6 MPH)
Batting: RHB Melvin Canto 0-0: Foul Ball, location: 9LSF
0-1: Swinging Strike
0-2: Ball
1-2: SINGLE (Line Drive, 6M, EV 95.0 MPH)
Batting: LHB Mike Metcalf 0-0: Called Strike
0-1: Ground out 4-3 (Groundball, 4, EV 83.1 MPH)
Top of the 1st over - 1 run, 2 hits, 0 errors, 1 left on base; New Orleans 1 - Montreal 0
BOTTOM OF THE 1ST
Montreal Expos batting - Pitching for New Orleans Voodoo : RHP Dave Ramirez
Pitching: RHP Dave Ramirez
Batting: LHB Emilio Serna 0-0: Ball
1-0: Ball
2-0: Ball
3-0: Base on Balls
Batting: SHB Matt Rose 0-0: Ball
1-0: Ball
2-0: Called Strike
2-1: Ball
3-1: Grounds into double play, 4-6-3 (Groundball, 4, EV 97.5 MPH)
Batting: RHB Jim Mastrangelo 0-0: SINGLE (Groundball, 56D, EV 103.1 MPH)
Batting: LHB Nate Petite 0-0: Called Strike
0-1: Ball
1-1: Ball
2-1: Swinging Strike
2-2: Fly out, F8 (Flyball, 78D, EV 105.0 MPH)
Bottom of the 1st over - 0 runs, 1 hit, 0 errors, 1 left on base; New Orleans 1 - Montreal 0
TOP OF THE 2ND
New Orleans Voodoo batting - Pitching for Montreal Expos : RHP Danny Goto
Batting: RHB Misael Urbina 0-0: Called Strike
0-1: Ball
1-1: Foul Ball, location: 23F
1-2: Ball
2-2: Foul Ball, location: 23F
2-2: Ball
3-2: Ground out 4-3 (Groundball, 4, EV 86.3 MPH)
Batting: RHB Nelson Morales 0-0: Ground out 5-3 (Groundball, 56, EV 77.5 MPH)
Batting: RHB Chris Bartlett 0-0: Ball
1-0: Ground out 6-3 (Groundball, 6S, EV 93.1 MPH)
Top of the 2nd over - 0 runs, 0 hits, 0 errors, 0 left on base; New Orleans 1 - Montreal 0
BOTTOM OF THE 2ND
Montreal Expos batting - Pitching for New Orleans Voodoo : RHP Dave Ramirez
Batting: RHB Steve Dowdle 0-0: Called Strike
0-1: Ball
1-1: Foul Ball, location: 2F
1-2: Ball
2-2: Ball
3-2: Base on Balls
Batting: RHB Frank Vergara 0-0: Called Strike
0-1: Ball
1-1: Fly out, F9 (Line Drive, 89M, EV 91.3 MPH)
Batting: RHB Andres del Valle Pickoff Throw to First - Error! E1
Steve Dowdle to second
0-0: Ball
1-0: Called Strike
1-1: Swinging Strike
1-2: Ball
2-2: Ball
3-2: Foul Ball, location: 5SF
3-2: Foul Ball, location: 7LMF
3-2: Base on Balls
Batting: RHB Clint Caldwell 0-0: Swinging Strike
0-1: Swinging Strike
0-2: Foul Ball, location: 2F
0-2: Ball
1-2: Ball
2-2: Strikes out looking
Batting: RHB Jonathan Barber 0-0: Called Strike
0-1: Ground out U3 (Groundball, 3S, EV 87.5 MPH)
Bottom of the 2nd over - 0 runs, 0 hits, 1 error, 2 left on base; New Orleans 1 - Montreal 0
TOP OF THE 3RD
New Orleans Voodoo batting - Pitching for Montreal Expos : RHP Danny Goto
Batting: RHB Jose Lopez 0-0: Ball
1-0: Swinging Strike
1-1: Swinging Strike
1-2: Foul Ball, location: 23F
1-2: Ball
2-2: Strikes out looking
Batting: LHB Erik White 0-0: Ball
1-0: Fly out, F9 (Flyball, 9, EV 83.8 MPH)
Batting: SHB Jerry Reynoso 0-0: Ball
1-0: Ball
2-0: Called Strike
2-1: Foul Ball, location: 7LMF
2-2: Foul Ball, location: 2F
2-2: Ground out 4-3 (Groundball, 4S, EV 90.6 MPH)
Top of the 3rd over - 0 runs, 0 hits, 0 errors, 0 left on base; New Orleans 1 - Montreal 0
BOTTOM OF THE 3RD
Montreal Expos batting - Pitching for New Orleans Voodoo : RHP Dave Ramirez
Batting: LHB Emilio Serna 0-0: Ball
1-0: Called Strike
1-1: Ball
2-1: Ball
3-1: Base on Balls
Batting: SHB Matt Rose 0-0: Ball
Emilio Serna steals 2nd base
1-0: Ball
2-0: Foul Ball, location: 25F
2-1: Called Strike
2-2: Foul Ball, location: 25F
2-2: Strikes out swinging
Batting: RHB Jim Mastrangelo 0-0: Fly out, F2 (Popup, 3SF, EV 78.8 MPH)
Batting: LHB Nate Petite 0-0: Called Strike
0-1: Foul Ball, location: 3FF
0-2: Foul Ball, location: 2F
0-2: Ball
1-2: Foul Ball, location: 7LSF
1-2: Foul Ball, location: 3FF
1-2: Strikes out swinging
Bottom of the 3rd over - 0 runs, 0 hits, 0 errors, 1 left on base; New Orleans 1 - Montreal 0
TOP OF THE 4TH
New Orleans Voodoo batting - Pitching for Montreal Expos : RHP Danny Goto
Batting: LHB Marcus Delzoppo 0-0: Ball
1-0: Ball
2-0: Foul Ball, location: 7LMF
2-1: Ground out 4-3 (Groundball, 4, EV 100.6 MPH)
Batting: RHB Melvin Canto 0-0: Ball
1-0: Ball
2-0: Called Strike
2-1: Ball
3-1: Base on Balls
Batting: LHB Mike Metcalf 0-0: Called Strike
0-1: Called Strike
0-2: SINGLE (Popup, 56D, EV 55.6 MPH)
Melvin Canto to second
Batting: RHB Misael Urbina 0-0: Ball
1-0: Ball
2-0: Ball
3-0: Base on Balls
Melvin Canto to third
Mike Metcalf to second
Batting: RHB Nelson Morales 0-0: Ball
1-0: Ball
2-0: Ball
3-0: Called Strike
3-1: Swinging Strike
3-2: Base on Balls
Melvin Canto scores
Mike Metcalf to third
Misael Urbina to second
Batting: RHB Chris Bartlett 0-0: Ball
1-0: Foul Ball, location: 3SF
1-1: Foul Ball, location: 9LDF
1-2: Foul Ball, location: 9LSF
1-2: Foul Ball, location: 2F
1-2: Ball
2-2: Foul Ball, location: 2F
2-2: Reached on error, E6 (Groundball, 6, EV 83.1 MPH)
Mike Metcalf scores
Misael Urbina to third
Nelson Morales to second
Batting: RHB Jose Lopez 0-0: Called Strike
0-1: Ball
1-1: Ball
2-1: Ball
3-1: Fly out, F8 (Flyball, 8RXD, EV 108.8 MPH)
Runner from 3rd tags up, SCORES, no throw by CF
Nelson Morales to third
Batting: LHB Erik White 0-0: Called Strike
0-1: Ball
1-1: Swinging Strike
1-2: Strikes out swinging
Top of the 4th over - 3 runs, 1 hit, 1 error, 2 left on base; New Orleans 4 - Montreal 0
BOTTOM OF THE 4TH
Montreal Expos batting - Pitching for New Orleans Voodoo : RHP Dave Ramirez
Batting: RHB Steve Dowdle 0-0: Swinging Strike
0-1: Swinging Strike
0-2: Strikes out swinging
Batting: RHB Frank Vergara 0-0: Ball
1-0: Called Strike
1-1: Ball
2-1: Foul Ball, location: 2F
2-2: Strikes out looking
Batting: RHB Andres del Valle 0-0: Ball
1-0: Fly out, F8 (Flyball, 8LD, EV 93.8 MPH)
Bottom of the 4th over - 0 runs, 0 hits, 0 errors, 0 left on base; New Orleans 4 - Montreal 0
TOP OF THE 5TH
New Orleans Voodoo batting - Pitching for Montreal Expos : RHP Danny Goto
Pitching: RHP Mike Bova
Batting: SHB Jerry Reynoso 0-0: Ball
1-0: Foul Ball, location: 7LSF
1-1: Ball
2-1: Fly out, F3 (Popup, 3F, EV 76.9 MPH)
Batting: LHB Marcus Delzoppo 0-0: Ball
1-0: SOLO HOME RUN (Flyball, 7LD, EV 98.1 MPH), Distance : 356 ft
Batting: RHB Melvin Canto 0-0: Ball
1-0: Foul Ball, location: 2F
1-1: Ball
2-1: Foul Ball, location: 2F
2-2: Foul Ball, location: 9LMF
2-2: SINGLE (Line Drive, 89S, EV 85.0 MPH)
Batting: LHB Mike Metcalf 0-0: Called Strike
Melvin Canto steals 2nd base
0-1: Ball
1-1: Foul Ball, location: 2F
1-2: Ball
2-2: Ball
3-2: Foul Ball, location: 3FF
3-2: Strikes out looking
Batting: RHB Misael Urbina 0-0: Swinging Strike
0-1: Ball
1-1: Ball
2-1: Swinging Strike
2-2: Foul Ball, location: 3SF
2-2: Fly out, F9 (Flyball, 9D, EV 91.9 MPH)
Top of the 5th over - 1 run, 2 hits, 0 errors, 1 left on base; New Orleans 5 - Montreal 0
BOTTOM OF THE 5TH
Montreal Expos batting - Pitching for New Orleans Voodoo : RHP Dave Ramirez
Batting: RHB Clint Caldwell 0-0: Swinging Strike
0-1: Called Strike
0-2: Ground out 5-3 (Groundball, 56, EV 86.9 MPH)
Batting: RHB Jonathan Barber 0-0: Ball
1-0: Ball
2-0: Ground out U3 (Groundball, 34, EV 85.0 MPH)
Batting: LHB Emilio Serna 0-0: Ball
1-0: Called Strike
1-1: Ground out 5-3 (Groundball, 56S, EV 89.4 MPH)
Bottom of the 5th over - 0 runs, 0 hits, 0 errors, 0 left on base; New Orleans 5 - Montreal 0
TOP OF THE 6TH
New Orleans Voodoo batting - Pitching for Montreal Expos : RHP Mike Bova
Batting: RHB Nelson Morales 0-0: SINGLE (Line Drive, 3D, EV 101.9 MPH)
Batting: RHB Chris Bartlett 0-0: Ball
1-0: Ball
2-0: Ball
3-0: Called Strike
3-1: SINGLE (Line Drive, 9S, EV 85.0 MPH)
Nelson Morales to second
Pitching: LHP Mike Johnson
Batting: RHB Jose Lopez 0-0: Ball
1-0: Ball
2-0: Swinging Strike
2-1: Foul Ball, location: 7LMF
2-2: Foul Ball, location: 23F
2-2: Strikes out swinging
Batting: LHB Erik White 0-0: Foul Ball, location: 5FF
0-1: Ball
1-1: Ball
2-1: Foul Ball, location: 9LDF
2-2: Fielders Choice at 2nd, 6-4 (Groundball, 6, EV 90.0 MPH)
Nelson Morales to third
Batting: SHB Jerry Reynoso 0-0: Ball
1-0: Ball
2-0: Called Strike
2-1: Called Strike
2-2: Strikes out looking
Top of the 6th over - 0 runs, 2 hits, 0 errors, 2 left on base; New Orleans 5 - Montreal 0
BOTTOM OF THE 6TH
Montreal Expos batting - Pitching for New Orleans Voodoo : RHP Dave Ramirez
Pitching: RHP Juan Moreno
Batting: SHB Matt Rose 0-0: Ball
1-0: Ground out 4-3 (Groundball, 4, EV 81.3 MPH)
Batting: RHB Jim Mastrangelo 0-0: Ball
1-0: Called Strike
1-1: Swinging Strike
1-2: Ball
2-2: Ball
3-2: Foul Ball, location: 9LMF
3-2: Fly out, F8 (Line Drive, 78D, EV 95.6 MPH)
Batting: LHB Nate Petite 0-0: Ball
1-0: Ball
2-0: Ball
3-0: Called Strike
3-1: Foul Ball, location: 7LSF
3-2: Strikes out swinging
Bottom of the 6th over - 0 runs, 0 hits, 0 errors, 0 left on base; New Orleans 5 - Montreal 0
TOP OF THE 7TH
New Orleans Voodoo batting - Pitching for Montreal Expos : LHP Mike Johnson
Batting: LHB Marcus Delzoppo 0-0: Ball
1-0: Ball
2-0: Called Strike
2-1: Swinging Strike
2-2: Fly out, F7 (Flyball, 7, EV 87.5 MPH)
Batting: RHB Melvin Canto 0-0: Called Strike
0-1: Foul Ball, location: 25F
0-2: Foul Ball, location: 2F
0-2: Ball
1-2: Foul Ball, location: 3FF
1-2: Strikes out looking
Batting: LHB Mike Metcalf 0-0: Ball
1-0: Ball
2-0: Swinging Strike
2-1: Ball
3-1: Foul Ball, location: 7LSF
3-2: Strikes out swinging
Top of the 7th over - 0 runs, 0 hits, 0 errors, 0 left on base; New Orleans 5 - Montreal 0
BOTTOM OF THE 7TH
Montreal Expos batting - Pitching for New Orleans Voodoo : RHP Juan Moreno
Batting: RHB Steve Dowdle 0-0: Foul Ball, location: 5SF
0-1: Fly out, F8 (Flyball, 78D, EV 97.5 MPH)
Batting: RHB Frank Vergara 0-0: Foul Ball, location: 25FF
0-1: DOUBLE (Line Drive, 89M, EV 99.4 MPH)
Batting: RHB Andres del Valle 0-0: Swinging Strike
0-1: Swinging Strike
0-2: Ball
1-2: Strikes out swinging
Batting: RHB Clint Caldwell 0-0: Swinging Strike
0-1: Called Strike
0-2: Ball
1-2: Strikes out swinging
Bottom of the 7th over - 0 runs, 1 hit, 0 errors, 1 left on base; New Orleans 5 - Montreal 0
TOP OF THE 8TH
New Orleans Voodoo batting - Pitching for Montreal Expos : LHP Mike Johnson
Pitching: LHP Billy Thomas
Batting: RHB Misael Urbina 0-0: Called Strike
0-1: Fly out, F8 (Line Drive, 8RD, EV 108.1 MPH)
Batting: RHB Nelson Morales 0-0: Ball
1-0: Called Strike
1-1: Foul Ball, location: 9LDF
1-2: Ball
2-2: Ball
3-2: Foul Ball, location: 5F
3-2: Fly out, F6 (Line Drive, 56, EV 98.1 MPH)
Batting: RHB Chris Bartlett 0-0: Ball
1-0: Ball
2-0: Foul Ball, location: 2F
2-1: Foul Ball, location: 25FF
2-2: Strikes out looking
Top of the 8th over - 0 runs, 0 hits, 0 errors, 0 left on base; New Orleans 5 - Montreal 0
BOTTOM OF THE 8TH
Montreal Expos batting - Pitching for New Orleans Voodoo : RHP Juan Moreno
Batting: RHB Jonathan Barber 0-0: Ball
1-0: Foul Ball, location: 3F
1-1: Ball
2-1: Foul Ball, location: 9LDF
2-2: Ball
3-2: Foul Ball, location: 2F
3-2: Ground out 3-1 (Groundball, 34, EV 101.3 MPH)
Batting: LHB Emilio Serna 0-0: Called Strike
0-1: Ball
1-1: Ball
2-1: Ball
3-1: Base on Balls
Pitching: LHP Chris Killebrew
Batting: SHB Matt Rose 0-0: Fly out, F9 (Flyball, 9, EV 90.0 MPH)
Batting: RHB Jim Mastrangelo 0-0: Called Strike
0-1: Called Strike
0-2: Ball
1-2: Strikes out swinging
Bottom of the 8th over - 0 runs, 0 hits, 0 errors, 1 left on base; New Orleans 5 - Montreal 0
TOP OF THE 9TH
New Orleans Voodoo batting - Pitching for Montreal Expos : LHP Billy Thomas
Batting: RHB Jose Lopez 0-0: Called Strike
0-1: Foul Ball, location: 9LSF
0-2: SINGLE (Line Drive, 6MD, EV 103.1 MPH)
Batting: LHB Erik White 0-0: Ball
1-0: Foul Ball, location: 2F
1-1: Foul Ball, location: 25F
1-2: Foul Ball, location: 25FF
1-2: Foul Ball, location: 3F
1-2: DOUBLE (Line Drive, 9LS, EV 92.5 MPH)
Jose Lopez to third
Runner from 3rd tries for Home, SAFE, throw by RF to trailing runner, OUT at third! 9-3-5
Batting: SHB Jerry Reynoso 0-0: Called Strike
0-1: Ball
1-1: Foul Ball, location: 9LSF
1-2: Ball
2-2: Strikes out swinging
Batting: LHB Marcus Delzoppo 0-0: Called Strike
0-1: Foul Ball, location: 7LMF
0-2: Fly out, F7 (Flyball, 7D, EV 108.8 MPH)
Top of the 9th over - 1 run, 2 hits, 0 errors, 0 left on base; New Orleans 6 - Montreal 0
BOTTOM OF THE 9TH
Montreal Expos batting - Pitching for New Orleans Voodoo : LHP Chris Killebrew
Batting: LHB Nate Petite 0-0: Foul Ball, location: 3FF
0-1: Fly out, F5 (Popup, 56S, EV 78.1 MPH)
Batting: RHB Steve Dowdle 0-0: Called Strike
0-1: Ball
1-1: Swinging Strike
1-2: Strikes out looking
Batting: RHB Frank Vergara 0-0: Fly out, F7 (Line Drive, 7, EV 95.6 MPH)
Bottom of the 9th over - 0 runs, 0 hits, 0 errors, 0 left on base; New Orleans 6 - Montreal 0
Tuesday, April 23rd , 2024 - OOTP Baseball 24.10 Build 82